SAAA
CALGARY LYNX @ TORTOLITA DRUMMERS
08/19/2021
 
TOP OF THE 1ST
Calgary Lynx batting - Pitching for Tortolita Drummers : RHP Luys Povoena
Pitching: RHP Luys Povoena
Batting: RHB Darren Tomlinson 0-0: Ball
1-0: Fly out, F7 (Flyball, 7D)
Batting: RHB Alfredo Méndez 0-0: Swinging Strike
0-1: Ball
1-1: Fly out, F7 (Flyball, 78S)
Batting: LHB José Alonso 0-0: Fly out, F9 (Flyball, 9M)
Top of the 1st over - 0 run(s), 0 hit(s), 0 error(s), 0 left on base; Calgary 0 - Tortolita 0
BOTTOM OF THE 1ST
Tortolita Drummers batting - Pitching for Calgary Lynx : RHP David Hudson
Pitching: RHP David Hudson
Batting: RHB Robert Bailey 0-0: Ball
1-0: Ball
2-0: Ground out 5-3 (Groundball, 56)
Batting: RHB Dan Lewis 0-0: Called Strike
0-1: Ball
1-1: Foul Ball, location: 2F
1-2: Fly out, F8 (Flyball, 8LXD)
Batting: LHB Orlando Trevino 0-0: Ball
1-0: Ball
2-0: Ball
3-0: Base on Balls
Batting: LHB Keith Spear 0-0: Ball
1-0: Called Strike
1-1: Called Strike
1-2: Strikes out swinging
Bottom of the 1st over - 0 run(s), 0 hit(s), 0 error(s), 1 left on base; Calgary 0 - Tortolita 0
TOP OF THE 2ND
Calgary Lynx batting - Pitching for Tortolita Drummers : RHP Luys Povoena
Batting: RHB Carl Good 0-0: Called Strike
0-1: Ball
1-1: Ball
2-1: Fly out, F9 (Flyball, 89S)
Batting: RHB Tony Farquharson 0-0: Called Strike
0-1: Ball
1-1: SINGLE (Line Drive, 9S)
Batting: SHB Dustin Tucker 0-0: Ball
1-0: Fly out, F6 (Popup, 78S)
Batting: RHB Danny Walsh 0-0: Ball
1-0: Swinging Strike
1-1: Ball
2-1: Foul Ball, location: 2F
2-2: Ball
3-2: Foul Ball, location: 2F
3-2: Hit by Pitch
Tony Farquharson to second
Batting: RHB Roberto Machado 0-0: Swinging Strike
0-1: Called Strike
0-2: Ball
1-2: Ball
2-2: Strikes out swinging
Top of the 2nd over - 0 run(s), 1 hit(s), 0 error(s), 2 left on base; Calgary 0 - Tortolita 0
BOTTOM OF THE 2ND
Tortolita Drummers batting - Pitching for Calgary Lynx : RHP David Hudson
Batting: RHB Nick Reed 0-0: Ball
1-0: Foul Ball, location: 2F
1-1: Swinging Strike
1-2: Ball
2-2: Strikes out swinging
Batting: RHB Jim Harris 0-0: Called Strike
0-1: Swinging Strike
0-2: Strikes out swinging
Batting: SHB Omar Gutiérrez 0-0: Swinging Strike
0-1: Ball
1-1: Called Strike
1-2: Strikes out swinging
Bottom of the 2nd over - 0 run(s), 0 hit(s), 0 error(s), 0 left on base; Calgary 0 - Tortolita 0
TOP OF THE 3RD
Calgary Lynx batting - Pitching for Tortolita Drummers : RHP Luys Povoena
Batting: RHB Emílio Ortíz 0-0: Ball
1-0: Swinging Strike
1-1: Ball
2-1: Ball
3-1: Called Strike
3-2: Ground out 5-3 (Groundball, 5S)
Batting: RHB Darren Tomlinson 0-0: Swinging Strike
0-1: Foul Ball, location: 2F
0-2: Fly out, F2 (Popup, 23F)
Batting: RHB Alfredo Méndez 0-0: Swinging Strike
0-1: Ball
1-1: Fly out, F8 (Flyball, 8LM)
Top of the 3rd over - 0 run(s), 0 hit(s), 0 error(s), 0 left on base; Calgary 0 - Tortolita 0
BOTTOM OF THE 3RD
Tortolita Drummers batting - Pitching for Calgary Lynx : RHP David Hudson
Batting: LHB Raúl Andrade 0-0: Ball
1-0: Ball
2-0: Ground out 4-3 (Groundball, 4)
Batting: LHB Jesse Taylor 0-0: Fly out, F9 (Flyball, 89M)
Batting: RHB Robert Bailey 0-0: Ball
1-0: Swinging Strike
1-1: Ball
2-1: SINGLE (Groundball, 15S) (infield hit)
Batting: RHB Dan Lewis 0-0: Ball
1-0: Foul Ball, location: 2F
1-1: Foul Ball, location: 2F
1-2: Ball
2-2: Fly out, F7 (Flyball, 7LM)
Bottom of the 3rd over - 0 run(s), 1 hit(s), 0 error(s), 1 left on base; Calgary 0 - Tortolita 0
TOP OF THE 4TH
Calgary Lynx batting - Pitching for Tortolita Drummers : RHP Luys Povoena
Batting: LHB José Alonso 0-0: DOUBLE (Line Drive, 8RM)
Batting: RHB Carl Good 0-0: Foul Ball, location: 2F
0-1: Ground out 6-3 (Groundball, 6)
Batting: RHB Tony Farquharson Balk!
José Alonso to third
0-0: Ball
1-0: Fly out, F7 (Flyball, 7M)
Batting: SHB Dustin Tucker 0-0: Ball
1-0: DOUBLE (Flyball, 78XD)
José Alonso scores
Batting: RHB Danny Walsh 0-0: Ground out 3-1 (Groundball, 34)
Top of the 4th over - 1 run(s), 2 hit(s), 0 error(s), 1 left on base; Calgary 1 - Tortolita 0
BOTTOM OF THE 4TH
Tortolita Drummers batting - Pitching for Calgary Lynx : RHP David Hudson
Batting: LHB Orlando Trevino 0-0: Foul Ball, location: 2F
0-1: Fly out, F8 (Flyball, 8LS)
Batting: LHB Keith Spear 0-0: Ball
1-0: Swinging Strike
1-1: Ball
2-1: Foul Ball, location: 2F
2-2: Strikes out swinging
Batting: RHB Nick Reed 0-0: Called Strike
0-1: Foul Ball, location: 2F
0-2: Ball
1-2: Fly out, F6 (Popup, 56)
Bottom of the 4th over - 0 run(s), 0 hit(s), 0 error(s), 0 left on base; Calgary 1 - Tortolita 0
TOP OF THE 5TH
Calgary Lynx batting - Pitching for Tortolita Drummers : RHP Luys Povoena
Batting: RHB Roberto Machado 0-0: Ball
1-0: Foul Ball, location: 2F
1-1: Foul Ball, location: 2F
1-2: Hit by Pitch
Batting: RHB Emílio Ortíz 0-0: Sac Bunt - play at first, batter OUT! 2-3
Roberto Machado to second
Batting: RHB Darren Tomlinson 0-0: Called Strike
0-1: Hit by Pitch
Batting: RHB Alfredo Méndez 0-0: Called Strike
0-1: Called Strike
0-2: Ball
1-2: Ball
2-2: Ball
3-2: Ground out 4-3 (Groundball, 4M)
Roberto Machado to third
Darren Tomlinson to second
Batting: LHB José Alonso 0-0: Ball
1-0: Ground out 1-3 (Groundball, 34S)
Top of the 5th over - 0 run(s), 0 hit(s), 0 error(s), 2 left on base; Calgary 1 - Tortolita 0
BOTTOM OF THE 5TH
Tortolita Drummers batting - Pitching for Calgary Lynx : RHP David Hudson
Batting: RHB Jim Harris 0-0: Called Strike
0-1: Fly out, F9 (Flyball, 9M)
Batting: SHB Omar Gutiérrez 0-0: Called Strike
0-1: Swinging Strike
0-2: Foul Ball, location: 2F
0-2: Foul Ball, location: 2F
0-2: Fly out, F9 (Line Drive, 9M)
Batting: LHB Raúl Andrade 0-0: Ball
1-0: Ball
2-0: Ground out 3-1 (Groundball, 34)
Bottom of the 5th over - 0 run(s), 0 hit(s), 0 error(s), 0 left on base; Calgary 1 - Tortolita 0
TOP OF THE 6TH
Calgary Lynx batting - Pitching for Tortolita Drummers : RHP Luys Povoena
Batting: RHB Carl Good 0-0: Ball
1-0: Called Strike
1-1: Foul Ball, location: 2F
1-2: Ball
2-2: Foul Ball, location: 2F
2-2: Foul Ball, location: 2F
2-2: Ball
Single, Error in OF, E7, batter to second base
Batting: RHB Tony Farquharson 0-0: Swinging Strike
0-1: Ball
1-1: Called Strike
1-2: SINGLE (Groundball, 4M)
Carl Good to third
Batting: SHB Dustin Tucker 0-0: Foul Ball, location: 2F
0-1: Swinging Strike
0-2: Ball
1-2: Ball
2-2: Strikes out swinging
Pitching: RHP Javier Estrada
Batting: RHB Danny Walsh 0-0: Called Strike
0-1: Ball
1-1: Ball
2-1: Fly out, F7 (Flyball, 78S)
Batting: RHB Roberto Machado 0-0: Called Strike
0-1: Ball
1-1: Fly out, F4 (Popup, 34D)
Top of the 6th over - 0 run(s), 2 hit(s), 1 error(s), 2 left on base; Calgary 1 - Tortolita 0
BOTTOM OF THE 6TH
Tortolita Drummers batting - Pitching for Calgary Lynx : RHP David Hudson
Batting: LHB Jesse Taylor 0-0: Foul Ball, location: 2F
0-1: Ball
1-1: SINGLE (Flyball, 89M)
Batting: RHB Robert Bailey 0-0: Sac Bunt - play at first, batter OUT! 1-3
Jesse Taylor to second
Batting: RHB Dan Lewis 0-0: Ball
1-0: Called Strike
1-1: Fly out, F7 (Line Drive, 7S)
Batting: LHB Orlando Trevino 0-0: Fly out, F5 (Popup, 5F)
Bottom of the 6th over - 0 run(s), 1 hit(s), 0 error(s), 1 left on base; Calgary 1 - Tortolita 0
TOP OF THE 7TH
Calgary Lynx batting - Pitching for Tortolita Drummers : RHP Javier Estrada
Batting: RHB Emílio Ortíz 0-0: Ground out 6-3 (Groundball, 6)
Batting: RHB Darren Tomlinson 0-0: Ball
1-0: Ball
2-0: Ball
3-0: Called Strike
3-1: SINGLE (Line Drive, 6M)
Batting: RHB Alfredo Méndez 0-0: Ball
1-0: Ground out U3 (Groundball, 3S)
Darren Tomlinson to second
Batting: LHB José Alonso 0-0: SINGLE (Line Drive, 34D)
Darren Tomlinson to third
Runner from 3rd tries for Home, SAFE, no throw or cutoff
Batting: RHB Carl Good 0-0: Ball
1-0: SINGLE (Flyball, 8LS)
José Alonso to second
Batting: RHB Tony Farquharson 0-0: Ball
1-0: Ball
2-0: Called Strike
2-1: Ball
3-1: Swinging Strike
3-2: Strikes out swinging
Top of the 7th over - 1 run(s), 3 hit(s), 0 error(s), 2 left on base; Calgary 2 - Tortolita 0
BOTTOM OF THE 7TH
Tortolita Drummers batting - Pitching for Calgary Lynx : RHP David Hudson
Batting: LHB Keith Spear 0-0: Foul Ball, location: 2F
0-1: Called Strike
0-2: Ball
1-2: Ball
2-2: Foul Ball, location: 2F
2-2: Ball
3-2: Base on Balls
Batting: RHB Nick Reed Balk!
Keith Spear to second
0-0: SINGLE (Groundball, 56D)
Keith Spear to third
Batting: RHB Jim Harris 0-0: Ball
1-0: Called Strike
1-1: Ball
2-1: TRIPLE (Line Drive, 8RXD)
Keith Spear scores
Nick Reed scores
Batting: SHB Omar Gutiérrez 0-0: Foul Ball, location: 2F
0-1: Ball
1-1: Foul Ball, location: 2F
1-2: Fly out, F7 (Flyball, 7M)
Runner from 3rd tags up, SCORES, no throw
Batting: LHB Raúl Andrade 0-0: Ball
1-0: Foul Ball, location: 2F
1-1: Ball
2-1: Called Strike
2-2: Foul Ball, location: 2F
2-2: Ball
3-2: Foul Ball, location: 2F
3-2: Foul Ball, location: 2F
3-2: Foul Ball, location: 2F
3-2: Strikes out swinging
Batting: LHB Jesse Taylor 0-0: Called Strike
0-1: Called Strike
0-2: Ball
1-2: Fly out, F7 (Popup, 78S)
Bottom of the 7th over - 3 run(s), 2 hit(s), 0 error(s), 0 left on base; Calgary 2 - Tortolita 3
TOP OF THE 8TH
Calgary Lynx batting - Pitching for Tortolita Drummers : RHP Javier Estrada
Now at 3B: Hunter Curtis
Batting: SHB Dustin Tucker 0-0: Ball
1-0: Ground out 1-3 (Groundball, 23)
Batting: RHB Danny Walsh 0-0: Ball
1-0: Ground out 4-3 (Groundball, 4)
Batting: RHB Roberto Machado 0-0: Swinging Strike
0-1: Swinging Strike
0-2: Ground out 6-3 (Groundball, 6)
Top of the 8th over - 0 run(s), 0 hit(s), 0 error(s), 0 left on base; Calgary 2 - Tortolita 3
BOTTOM OF THE 8TH
Tortolita Drummers batting - Pitching for Calgary Lynx : RHP David Hudson
Batting: RHB Robert Bailey 0-0: Fly out, F7 (Flyball, 78M)
Batting: RHB Dan Lewis 0-0: Ball
1-0: Swinging Strike
1-1: Fly out, F6 (Popup, 6M)
Batting: LHB Orlando Trevino 0-0: Reached on error, E3 (Groundball, 3)
Batting: LHB Keith Spear 0-0: Foul Ball, location: 2F
0-1: Ball
1-1: Foul Ball, location: 2F
1-2: Foul Ball, location: 2F
1-2: Ball
2-2: Foul Ball, location: 2F
2-2: Ball
3-2: Base on Balls
Orlando Trevino to second
Pitching: RHP Dave Hindman
Pinch Hitting: RHB Ignacio Rodríguez 0-0: Called Strike
0-1: Foul Ball, location: 2F
0-2: Fly out, F7 (Flyball, 7D)
Bottom of the 8th over - 0 run(s), 0 hit(s), 1 error(s), 2 left on base; Calgary 2 - Tortolita 3
TOP OF THE 9TH
Calgary Lynx batting - Pitching for Tortolita Drummers : RHP Javier Estrada
Pitching: LHP Parker Cooke
Now at 2B: David Cross
Now at SS: Gonzalo Féliz
Batting: RHB Emílio Ortíz 0-0: Ball
1-0: Ball
2-0: Ball
3-0: Called Strike
3-1: Base on Balls
Batting: RHB Darren Tomlinson 0-0: Sac Bunt - play at first, batter OUT! 5-4
Emílio Ortíz to second
Batting: RHB Alfredo Méndez 0-0: Ball
1-0: Called Strike
1-1: Ball
2-1: Ball
3-1: Ground out 5-3 (Groundball, 56)
Batting: LHB José Alonso 0-0: Foul Ball, location: 2F
0-1: Ball
1-1: Ball
2-1: SINGLE (Line Drive, 8RS)
Emílio Ortíz to third
Runner from 3rd tries for Home, SAFE, no throw or cutoff
Batting: RHB Carl Good 0-0: Ball
1-0: Ball
2-0: Called Strike
2-1: Ball
3-1: Base on Balls
José Alonso to second
Batting: RHB Tony Farquharson 0-0: Called Strike
0-1: Ball
1-1: Fly out, F8 (Flyball, 8LXD)
Top of the 9th over - 1 run(s), 1 hit(s), 0 error(s), 2 left on base; Calgary 3 - Tortolita 3
BOTTOM OF THE 9TH
Tortolita Drummers batting - Pitching for Calgary Lynx : RHP Dave Hindman
Batting: RHB Jim Harris 0-0: Ball
1-0: Ball
2-0: Foul Ball, location: 2F
2-1: Foul Ball, location: 2F
2-2: Ball
3-2: Fly out, F8 (Flyball, 8LD)
Batting: SHB Omar Gutiérrez 0-0: Called Strike
0-1: Ball
1-1: DOUBLE (Line Drive, 9LM)
Batting: LHB Raúl Andrade 0-0: Intentional Walk
Pinch Hitting: RHB Ray Whittier 0-0: Ball
1-0: Called Strike
1-1: Ball
2-1: Ball
3-1: Base on Balls
Omar Gutiérrez to third
Raúl Andrade to second
Batting: RHB Robert Bailey 0-0: Called Strike
0-1: SINGLE (Line Drive, 6D)
Omar Gutiérrez scores
This league is powered by Out of the Park Baseball, the baseball management simulation game for PC, Mac and Linux
Friday, January 22nd, 2016 - OOTP Baseball 16.9 Build 39